 Dungeon Crawl Stone Soup version 0.25-a0-781-gc44aebf (webtiles) character file.

Game seed: 4837471175626348630, levelgen mode: deterministic

162 MrTaco21 the Cudgeler (level 5, -1/32 HPs)
             Began as a Gargoyle Fighter on Apr 15, 2020.
             Killed by divine providence
             ... invoked by an orc priest
              (10 damage)
             ... on level 4 of the Dungeon.
             The game lasted 00:03:12 (2721 turns).

MrTaco21 the Cudgeler (Gargoyle Fighter)            Turns: 2721, Time: 00:03:13

Health: -1/32      AC: 10    Str: 21    XL:     5   Next: 43%
Magic:  5/5        EV:  7    Int:  8    God:
Gold:   117        SH:  9    Dex: 11    Spells: 4/4 levels left

rFire    . . .     SeeInvis .   o - +1 mace (venom)
rCold    . . .     Gourm    .   c - +0 kite shield
rNeg     + . .     Faith    .   b - +0 scale mail
rPois    ∞         Spirit   .   (no helmet)
rElec    +         Reflect  .   (no cloak)
rCorr    .         Harm     .   (no gloves)
MR       .....                  (no boots)
Stlth    ..........             (no amulet)
HPRegen  0.10/turn              q - +2 ring of dexterity
MPRegen  0.09/turn              (no ring)

@: no status effects
A: negative energy resistance 1, electricity resistance, unbreathing,
petrification resistance, rot immunity, AC +4
a: no special abilities


You were on level 4 of the Dungeon.
You were not hungry.

You visited 1 branch of the dungeon, and saw 4 of its levels.

You collected 117 gold pieces.

Inventory:

Hand Weapons
 o - a +1 mace of venom (weapon)
   (You found it on level 3 of the Dungeon)
Missiles
 p - 34 poisoned darts (quivered)
Armour
 a - a +0 chain mail
   (You found it on level 3 of the Dungeon)
 b - a +0 scale mail (worn)
 c - a +0 kite shield (worn)
Jewellery
 q - a +2 ring of dexterity (left hand)
   (You found it on level 3 of the Dungeon)
Scrolls
 i - 7 scrolls of remove curse {unknown}
 k - a scroll of magic mapping {unknown}
 r - a scroll of enchant weapon {unknown}
Potions
 d - a potion of might
 f - a potion of flight {unknown}
 g - a potion of mutation {unknown}
 h - a potion of lignification {unknown}
 j - 2 potions of curing {unknown}
 l - a potion of resistance {unknown}
 m - 2 potions of ambrosia {unknown}
 n - a potion of cancellation {unknown}
 s - a potion of experience {unknown}
Comestibles
 e - 7 rations {!d}


   Skills:
 - Level 3.2 Fighting
 + Level 5.5 Maces & Flails
 - Level 3.2 Armour
 - Level 3.2 Shields


You had 4 spell levels left.
You didn't know any spells.
Your spell library was empty.

Dungeon Overview and Level Annotations

Branches:
Dungeon (4/15)
 Temple: D:4-7

Altars:
Elyvilon
Yredelemnul
The Shining One


Innate Abilities, Weirdness & Mutations

You are resistant to torment.
Your stone body is resilient. (AC +4)
You are immune to poison.
You resist negative energy. (rN+)
You are resistant to electric shocks. (rElec)
You can survive without breathing.
You are immune to petrification.
You are immune to rotting.


Message History

There is a stone staircase leading up here.
An adder and an orc come into view.
The orc shouts!
The adder hisses angrily.
You hear a shout!
Found 6 gold pieces.
There are monsters nearby!
You completely miss the adder. You block the adder's attack.
The adder bites you.
You hit the adder. The adder bites you but does no damage.
An orc priest comes into view. It is wielding a +0 short sword.
The adder bites you but does no damage.
You miss the adder. You block the adder's attack.
An orc comes into view. It is wielding a +0 dagger.
Your shield and scale mail prevent you from hitting the adder.
The orc shouts!
You block the adder's attack. The adder bites you but does no damage.
You miss the adder. The adder barely misses you.
You closely miss the adder. You block the adder's attack.
The orc hits you with a +0 whip. The adder bites you but does no damage.
The orc hits you with a +0 whip.
You thump the adder!
You kill the adder!
The orc hits you but does no damage.
You sock the orc!
You kill the orc!
You block the orc priest's attack.
You hit the orc priest.
The orc priest is poisoned.
The orc hits you but does no damage. The orc priest barely misses you.
You closely miss the orc priest. You block the orc's attack.
The orc priest looks satisfied for a moment.
Your scale mail prevents you from hitting the orc priest.
You block the orc's attack.
The orc priest hits you but does no damage.
The orc hits you but does no damage.
You hit the orc priest but do no damage.
The orc priest looks as sick as possible!
The orc priest mumbles some strange prayers to Beogh against you.
Beogh smites you!
Ouch! That really hurt!
* * * LOW HITPOINT WARNING * * *
The orc hits you but does no damage.
The orc priest hits you with a +0 short sword.
* * * LOW HITPOINT WARNING * * *
You hit the orc priest but do no damage.
The orc priest looks as sick as possible!
The orc hits you but does no damage. You block the orc priest's attack.
Unknown command.
You closely miss the orc priest. The orc hits you but does no damage.
The orc priest calls down the wrath of Beogh upon you.
Beogh smites you!
You die...

## . .. .. #.
... #. ....##.
......†####
.......@<.#####
......oo........
....#...).###...
............. .
...............
...............
...%...........
...............
.....$.........


You could see an orc priest and an orc.

Vanquished Creatures
  6 adders
  4 gnolls (D:3)
  An ooze (D:3)
  2 worms (D:2)
  A dart slug (D:1)
  2 leopard geckos
  2 orcs
  A giant cockroach (D:3)
  11 goblins
  9 hobgoblins
  A quokka (D:3)
  2 ball pythons
  9 bats
  2 frilled lizards
  5 rats
58 creatures vanquished.

Vanquished Creatures (others)
  A goblin (D:2)
1 creature vanquished.

Grand Total: 59 creatures vanquished

Notes
Turn   | Place    | Note
-------+----------+-------------------------------------------
     0 | D:1      | MrTaco21 the Gargoyle Fighter began the quest for the Orb.
     0 | D:1      | Reached XP level 1. HP: 14/14 MP: 1/1
   115 | D:1      | Reached XP level 2. HP: 13/19 MP: 2/2
   296 | D:1      | Reached skill level 3 in Maces & Flails
   675 | D:1      | Reached XP level 3. HP: 23/23 MP: 3/3
  1064 | D:2      | Found a glowing golden altar of the Shining One.
  1102 | D:2      | Found a white marble altar of Elyvilon.
  1244 | D:2      | Found a basalt altar of Yredelemnul.
  1629 | D:3      | Reached skill level 4 in Maces & Flails
  1660 | D:3      | Reached XP level 4. HP: 28/28 MP: 4/4
  1855 | D:3      | Reached skill level 5 in Maces & Flails
  1859 | D:3      | Reached XP level 5. HP: 12/32 MP: 5/5
  2721 | D:4      | Killed from afar by an orc priest

Levels and vault maps discovered:
D:1:      lightli_arrival_maybe_door_vault, layout_basic, hex_medium
D:2:      layout_loops_ring, elyvilon_altar_4, old_standard_altar,
          yredelemnul_altar_generic
D:3:      layout_basic, first_ration
D:4:      layout_rooms, saegor_snake_ambush, uniq_robin

Skill      XL: |  1  2  3  4 |
---------------+-------------+-----
Maces & Flails | 3 4 5 |  5.5
Fighting       | |  3.2
Armour         | |  3.2
Shields        | |  3.2

Action                   |  1- 3 |  4- 6 || total
-------------------------+-------+-------++-------
Melee: Flail             |   135 |       ||   135
       Mace              |    11 |    73 ||    84
  Eat: Chunk             |     3 |     3 ||     6
Armor: Scale mail        |    78 |    40 ||   118
Dodge: Dodged            |    46 |    13 ||    59
Block: Kite shield       |    89 |    42 ||   131

Table legend:
 A = Non-vault XP
 B = Vault XP
 C = Vault XP percentage of total XP
 D = Non-vault monster count
 E = Vault monster count
 F = Vault count percentage of total count
                 A         B        C        D         E       F
            +---------+---------+-------+---------+---------+-------
      Total |     232 |       0 |   0.0 |      58 |       0 |   0.0
            +---------+---------+-------+---------+---------+-------
        D:1 |      36 |       0 |   0.0 |      20 |       0 |   0.0
        D:2 |      22 |       0 |   0.0 |      10 |       0 |   0.0
        D:3 |     158 |       0 |   0.0 |      26 |       0 |   0.0
        D:4 |      16 |       0 |   0.0 |       2 |       0 |   0.0
            +---------+---------+-------+---------+---------+-------
